 Dungeon Sprint DCSS version 0.30-a0-596-g0af90f9a20 (webtiles) character file.

Game seed: 5161655484706002044

427 rocky1 the Covert (level 6, -10/62 HPs)
             Began as a Naga Brigand on Jan 7, 2023.
             Was an Initiate of Gozag.
             Mangled by Sonja
             ... wielding a +0 short sword of distortion
              (20 damage)
             ... in the Dungeon (Sprint I: "Red Sonja").
             The game lasted 00:01:19 (485 turns).

rocky1 the Covert (Naga Brigand)                     Turns: 485, Time: 00:01:20

Health: -10/62     AC:  5    Str: 13    XL:     6   Next: 97%
Magic:  6/6        EV: 11    Int: 11    God:    Gozag
Gold:   324        SH:  0    Dex: 15    Spells: 5/5 levels left

rFire   . . .      SeeInvis +    a - +2 dagger
rCold   . . .      Faith    .    (no shield)
rNeg    . . .      Spirit   .    m - +0 leather armour
rPois   +          Reflect  .    (no helmet)
rElec   .          Harm     .    c - +0 cloak
rCorr   .          Rampage  .    (no gloves)
Will    .....      NoTele   +    (no barding)
Stlth   +++++                    (no amulet)
HPRegen 0.30/turn                (no ring)
MPRegen 0.10/turn                (no ring)

@: lethally poisoned (-10 -> -15), short of breath, slowed, very slow
A: AC +2, large, see invisible, deformed body, poison resistance, slowness 2,
spit poison 1, naga tail 1
a: Spit Poison, Renounce Religion, Potion Petition, Call Merchant, Bribe Branch


You were in the Dungeon.
You worshipped Gozag.
Gozag was aware of your devotion.
You visited 1 branch You collected 324 gold pieces.

Inventory:

Hand Weapons
 a - a +2 dagger (weapon)
Missiles
 d - 9 poisoned darts (quivered)
 e - 3 curare-tipped darts
Armour
 b - a +0 robe
 c - a +0 cloak (worn)
 m - a +0 leather armour (worn)
Wands
 l - a wand of flame (18)
Scrolls
 g - a scroll of amnesia {unknown}
 k - a scroll of blinking
Potions
 f - a potion of curing
 h - a potion of haste
 i - 2 potions of magic


   Skills:
 + Level 5.8 Fighting
 * Level 8.2 Short Blades
 - Level 1.7 Throwing
 + Level 3.9 Armour
 + Level 4.1 Dodging
 * Level 13.4 Stealth


You had 5 spell levels left.
You didn't know any spells.
Your spell library was empty.

Dungeon Overview and Level Annotations

Branches:
Dungeon (1/1)

Altars:
Cheibriados
Dithmenos
Elyvilon
Fedhas
Gozag
Hepliaklqana
Kikubaaqudgha
Nemelex Xobeh
Okawaru
Qazlal
Ru
Sif Muna
Trog
Uskayaw
Vehumet
Wu Jian
Yredelemnul
Zin
The Shining One

Shops:
D :

Annotations:
D Sonja


Innate Abilities, Weirdness & Mutations

Your serpentine skin is tough. (AC +2)
You have supernaturally acute eyesight. (SInv)
Armour fits poorly on your strangely shaped body.
Your system is resistant to poisons. (rPois)
You cover ground very slowly.
You can spit poison.
You have a snake-like lower body.


Message History

There is a hide-covered altar of Uskayaw here.
There is an opulent altar of Gozag here.
You coil in front of the altar of Gozag.
Gozag welcomes you!
Gozag waives the service fee.
There is a hide-covered altar of Uskayaw here.
There is an entrance to Riuluwu's Book Emporium here.
You see here a yak corpse.
There is an open door here.
You open the door.
Sonja, the Graceful Assassin comes into view.
She is wielding a +0 short sword of distortion and quivering curare-tipped darts.
Found 108 gold pieces.
There is an open door here.
Sonja shouts!
Sonja mumbles some strange words.
Sonja blinks!
Sonja throws a curare-tipped dart.
The curare-tipped dart hits you.
You are poisoned.
You have difficulty breathing.
You feel yourself slow down.
Aiming: Spit Poison (1% risk of failure)
Press: ? - help, Shift-Dir - straight line, f - Sonja
Aim: Sonja, wielding a +0 short sword of distortion and quivering curare-tipped darts (18% to hit)
The splash of poison misses Sonja.
You feel very sick.
You hit Sonja.
Sonja is lightly wounded.
You feel sick.
Sonja hits you with a +0 short sword of distortion!
Space warps horribly around you!! Sonja hits you but does no damage.
Sonja hits you with a +0 short sword of distortion.
Space warps horribly around you!
You miss Sonja.
Sonja is lightly wounded.
You feel sick.
Sonja says, "I'm academy-trained, you know."
Sonja hits you with a +0 short sword of distortion!
* * * LOW HITPOINT WARNING * * *
Space warps horribly around you!!
You die...
Your body crumbles into a pile of gold.

#..'..#.)'..#..+
$$
#..#####'#####'#
#..####..#...#.#
#..#__####..##.#
$$
#..#_____##'#_.+
#⌠⌠#_.∩..†'..._#
$$
####_..__##_.#'#
$$#_____###K#.#
$ $ #######
#@### $ $
+$.$+$$ $$ #$.$#
$ ##.## $#+#$ $
$ $ $ $$ $ $


You could see Sonja.

Vanquished Creatures
  Sigmund (D)
  A yak (D)
  An ogre (D)
  A jelly (D)
  Ijyb (D)
5 creatures vanquished.

Notes
Turn   | Place    | Note
-------+----------+-------------------------------------------
     0 | D        | rocky1 the Naga Brigand began the quest for the Orb.
     0 | D        | Reached XP level 1. HP: 19/19 MP: 1/1
     2 | D        | Noticed Ijyb
     5 | D        | Killed Ijyb
     6 | D        | Reached skill level 8 in Stealth
     6 | D        | Reached XP level 2. HP: 28/28 MP: 2/2
     6 | D        | Reached XP level 3. HP: 34/34 MP: 3/3
   120 | D        | Noticed an ogre
   123 | D        | Killed an ogre
   124 | D        | Reached skill level 5 in Short Blades
   124 | D        | Reached skill level 1 in Armour
   124 | D        | Reached skill level 10 in Stealth
   124 | D        | Reached XP level 4. HP: 44/44 MP: 4/4
   135 | D        | Noticed Sigmund
   143 | D        | Killed Sigmund
   144 | D        | Reached skill level 5 in Fighting
   144 | D        | Reached skill level 12 in Stealth
   144 | D        | Reached XP level 5. HP: 51/52 MP: 5/5
   144 | D        | Reached XP level 6. HP: 59/61 MP: 6/6
   313 | D        | Found an ornate altar of the Wu Jian Council.
   313 | D        | Found a shimmering blue altar of Sif Muna.
   315 | D        | Found a radiant altar of Vehumet.
   461 | D        | Found Riuluwu's Book Emporium.
   461 | D        | Found an ancient bone altar of Kikubaaqudgha.
   461 | D        | Found a hazy altar of Hepliaklqana.
   461 | D        | Found a stormy altar of Qazlal.
   461 | D        | Found a hide-covered altar of Uskayaw.
   461 | D        | Found a blossoming altar of Fedhas.
   461 | D        | Found a bloodstained altar of Trog.
   461 | D        | Found an iron altar of Okawaru.
   461 | D        | Found a basalt altar of Yredelemnul.
   461 | D        | Found a glowing golden altar of the Shining One.
   461 | D        | Found a snail-covered altar of Cheibriados.
   461 | D        | Found a sacrificial altar of Ru.
   461 | D        | Found a glowing silver altar of Zin.
   461 | D        | Found a shadowy altar of Dithmenos.
   461 | D        | Found a white marble altar of Elyvilon.
   461 | D        | Noticed a yak
   462 | D        | Found an opulent altar of Gozag.
   463 | D        | Killed a yak
   464 | D        | Reached skill level 13 in Stealth
   464 | D        | Found a sparkling altar of Nemelex Xobeh.
   469 | D        | Became a worshipper of Gozag Ym Sagoz the Greedy
   480 | D        | Noticed Sonja
   485 | D        | Mangled by Sonja

Illustrated notes

Levels and vault maps discovered:
D:        dungeon_sprint_1 [red_sonja_temple_1, red_sonja_temple_small_1]

Skill      XL: |  1  2  3  4  5  6 |
---------------+-------------------+-----
Fighting       | 3 4 5 |  5.8
Short Blades   | 4 5 7 8 |  8.2
Stealth        | 8 10 12 13 | 13.4
Armour         | 1 3 |  3.9
Dodging        | 2 3 4 |  4.1
Throwing       | |  1.7

Action                   |  1- 3 |  4- 6 || total
-------------------------+-------+-------++-------
Melee: Dagger            |     2 |    20 ||    22
 Abil: Spit Poison       |       |     1 ||     1
  Use: Potion            |       |     2 ||     2
 Stab: Sleeping          |     2 |     1 ||     3
Armor: Leather armour    |       |     3 ||     3
Dodge: Dodged            |       |     4 ||     4

Table legend: (Time is in decaauts)
 A = Elapsed time spent in this place.
 B = Non-inter-level travel time spent in this place.
 C = Inter-level travel time spent in this place.
 D = Time resting spent in this place.
 E = Time spent auto-exploring this place.
 F = Levels seen in this place.
 G = Mean time per level.
                   A        B        C        D        E       F      G
               +--------+--------+--------+--------+--------+-----+--------+
         Total |    525 |    525 |      0 |    362 |      0 |   1 |  525.0 |
       Dungeon |    525 |    525 |      0 |    362 |      0 |   1 |  525.0 |
               +--------+--------+--------+--------+--------+-----+--------+

Top non-repeatable levels by time:
       D: 525 daAuts
